 Dungeon Crawl Stone Soup version 0.28-a0-1412-gf95308ed99 (webtiles) character file.

Game seed: 7569155192051989429

18 siradein the Ducker (level 2, 0/23 HPs)
             Began as a Djinni Gladiator on Jan 7, 2022.
             Slain by Natasha (5 damage)
             ... on level 2 of the Dungeon.
             The game lasted 00:02:18 (1005 turns).

siradein the Ducker (Djinni Gladiator)              Turns: 1005, Time: 00:02:18

Health: 0/23       AC:  4    Str: 13    XL:     2   Next: 85%
Gold:   60         EV: 12    Int:  9    God:
                   SH:  0    Dex: 14

rFire   + + .      SeeInvis .   a - +0 long sword
rCold   . . .      Faith    .   (no shield)
rNeg    . . .      Spirit   .   b - +0 leather armour
rPois   ∞          Reflect  .   c - +0 helmet
rElec   .          Harm     .   (no cloak)
rCorr   .          Rampage  .   (no gloves)
Will    .....                   (boots unavailable)
Stlth   +.........              g - amulet of the acrobat
HPRegen 0.07/turn               f - ring of protection from cold
MPRegen 0.00/turn               (no ring)

@: flying
A: sickness immunity, fire resistance 2, cold vulnerability 1, float, innate
caster, hp casting, extra vitality 1
a: no special abilities


You were on level 2 of the Dungeon.
You visited 1 branch of the dungeon, and saw 2 of its levels.

You collected 60 gold pieces.

Inventory:

Hand Weapons
 a - a +0 long sword (weapon)
Missiles
 d - 3 throwing nets (quivered)
Armour
 b - a +0 leather armour (worn)
 c - a +0 helmet (worn)
Jewellery
 f - a ring of protection from cold (left hand)
 g - an amulet of the acrobat (around neck)
Scrolls
 e - 3 scrolls of identify {unknown}
 h - a scroll of fog {unknown}
 j - a scroll of teleportation {unknown}
 k - a scroll of blinking {unknown}
Potions
 i - 2 potions of curing {unknown}


   Skills:
 + Level 2.2 Fighting
 + Level 2.8 Long Blades
 + Level 1.8 Throwing
 + Level 0.7 Armour
 + Level 3.5 Dodging


You had one spell level left.
You didn't know any spells.
Your spell library was empty.

Dungeon Overview and Level Annotations

Branches:
Dungeon (2/15)

Altars:

Annotations:
D:2 Natasha


Innate Abilities, Weirdness & Mutations

You are immune to sickness and miasma.
You are immune to poison.
Your flesh is very heat resistant. (rF++)
You are vulnerable to cold. (rC-)
You float through the air rather than walking.
You learn spells naturally, not from books.
Your magical power is your life essence.
You have superior vitality. (+4 MHP)


Message History

There is an open door here.
You reach down and open the door.
There is an open door here.
Done exploring.
Done exploring.
Done exploring.
Done exploring.
Done exploring.
(D) Dungeon
Where to? (? - help)
What level of the Dungeon? (default 1, ? - help)
There is an open door here.
There is a stone staircase leading down here.
You fly downwards.
Natasha hisses angrily.
There is a stone staircase leading up here.
Natasha is nearby!
You barely miss Natasha. Natasha claws you.
You hit Natasha.
Natasha is moderately wounded.
Natasha closely misses you.
You hit Natasha.
Natasha is heavily wounded.
Natasha closely misses you.
Natasha casts a spell.
You hit Natasha but do no damage.
Natasha is heavily wounded.
Natasha claws you!
You are too injured to fight recklessly!
You hit Natasha.
Natasha is severely wounded.
Natasha claws you. The crimson imp hits you.
* * * LOW HITPOINT WARNING * * *
You hit Natasha but do no damage.
Natasha is severely wounded.
Natasha closely misses you.
The crimson imp blinks!
You miss Natasha.
Natasha is severely wounded.
Natasha claws you.
You die...

####+####
#.<@h...#
#.......§....#
#.#.#........#
# #5.......#
#........#
#........#
#........#
.........#


You could see Natasha and a crimson imp (summoned).

Vanquished Creatures
  2 dart slugs (D:1)
  2 endoplasms (D:1)
  2 giant cockroaches (D:1)
  2 quokkas (D:1)
  2 bats (D:1)
  2 frilled lizards (D:1)
  2 rats (D:1)
14 creatures vanquished.

Notes
Turn   | Place    | Note
-------+----------+-------------------------------------------
     0 | D:1      | siradein the Djinni Gladiator began the quest for the Orb.
     0 | D:1      | Reached XP level 1. HP: 18/18 MP: 0/0
   117 | D:1      | Reached XP level 2. HP: 18/23 MP: 0/0
   475 | D:1      | Found a faded altar of an unknown god.
   997 | D:2      | Noticed Natasha
  1002 | D:2      | Noticed a crimson imp
  1005 | D:2      | Slain by Natasha

Illustrated notes

Levels and vault maps discovered:
D:1:      minmay_arrival_radiant_lines, layout_loops_corners,
          hellmonk_ecumenical_altar_run_dry, minmay_misc_feat_cross
D:2:      cheibrodos_greedy_goblins, layout_basic, basic_altar, uniq_jessica,
          uniq_crazy_yiuf_cottage, uniq_natasha

Action                   || total
-------------------------++-------
Melee: Long sword        ||    36
Armor: Leather armour    ||    21
Dodge: Dodged            ||    68

Table legend: (Time is in decaauts)
 A = Elapsed time spent in this place.
 B = Non-inter-level travel time spent in this place.
 C = Inter-level travel time spent in this place.
 D = Time resting spent in this place.
 E = Time spent auto-exploring this place.
 F = Levels seen in this place.
 G = Mean time per level.
                   A        B        C        D        E       F      G
               +--------+--------+--------+--------+--------+-----+--------+
         Total |   1013 |   1000 |     13 |      0 |    827 |   2 |  506.5 |
       Dungeon |   1013 |   1000 |     13 |      0 |    827 |   2 |  506.5 |
               +--------+--------+--------+--------+--------+-----+--------+

Top non-repeatable levels by time:
     D:1: 1004 daAuts
     D:2: 9 daAuts
